 Dungeon Crawl Stone Soup version 0.17-a0-1248-g117de50 (webtiles) character file.

10763 ololoev the Tainter (level 11, -8/68 HPs)
             Began as a Mummy Venom Mage on June 5, 2015.
             Was a High Priest of Sif Muna.
             Killed from afar by a gargoyle (14 damage)
             ... with a stone arrow
             ... on level 9 of the Dungeon.
             The game lasted 00:55:16 (15535 turns).

ololoev the Tainter (Mummy Venom Mage)             Turns: 15535, Time: 00:55:16

Health: -8/68      AC: 11    Str: 17    XL:     11   Next: 40%
Magic:  21/21      EV: 18    Int: 23    God:    Sif Muna [*****.]
Gold:   699        SH:  0    Dex: 18    Spells: 5 memorised, 4 levels left

rFire  x . .     SeeInvis .     t - +2 dagger (venom)
rCold  + . .     Clarity  .     s - +2 robe {MR+}
rNeg   + + +     SustAt   .     (no shield)
rPois  ∞         Gourm    .     l - +2 helmet
rElec  .         Spirit   .     r - +0 cloak
rCorr  .         Warding  .     p - +2 pair of fencer's gloves {LBl+4 SBl+4 EV+3 Dex+6}
rMut   .         Stasis   .     (no boots)
MR     ++...                    (no amulet)
Stlth  ++........               w - +5 ring of strength
                                d - +5 ring of intelligence (curse)

@: about to teleport, very resistant to hostile enchantments, unstealthy
A: no food or potions, fire vulnerability, cold resistance 1, negative energy
resistance 3, torment resistance, unbreathing
a: Channel Energy, Forget Spell, Renounce Religion


Innate Abilities, Weirdness & Mutations

You do not eat or drink.
Your flesh is vulnerable to fire.
You are immune to poison.
Your flesh is cold resistant.
You are immune to negative energy.
You are immune to unholy pain and torment.
You can survive without breathing.

Inventory:

Hand weapons
 t - a +2 dagger of venom (weapon)
Armour
 l - a +2 helmet (worn)
 p - the +2 pair of fencer's gloves (worn) {LBl+4 SBl+4 EV+3 Dex+6}
   (You found it on level 5 of the Dungeon)

   It affects your evasion (+3).
   It affects your dexterity (+6).
 r - a +0 cloak (worn)
 s - a +2 robe of magic resistance (worn)
Jewellery
 d - a cursed +5 ring of intelligence (left hand)
 w - a +5 ring of strength (right hand)
Magical devices
 a - a wand of lightning (7)
 h - a wand of digging (8)
 j - a wand of fireball (2)
 v - a wand of draining (7)
Scrolls
 c - 2 scrolls of identify
 e - 5 scrolls of fog
 f - 2 scrolls of teleportation
 g - a scroll of magic mapping
 i - 5 scrolls of remove curse
 m - 2 scrolls of amnesia
 n - 2 scrolls of immolation
 o - 3 scrolls of blinking {unknown}
 q - 3 scrolls of recharging
 u - a scroll of enchant armour {unknown}
Books
 b - a Young Poisoner's Handbook

   Spells                             Type                      Level
   a - Sting                          Conjuration/Poison           1
   b - Cure Poison                    Poison                       2
   c - Mephitic Cloud                 Conjuration/Poison/Air       3
   d - Olgreb's Toxic Radiance        Poison                       4
   e - Venom Bolt                     Conjuration/Poison           5
 k - a Fen Folio

   Spells                             Type                      Level
   a - Corpse Rot                     Necromancy                   2
   b - Stone Arrow                    Conjuration/Earth            3
   c - Leda's Liquefaction            Hexes/Earth                  4
   d - Summon Forest                  Summoning/Translocation      5
   e - Hydra Form                     Transmutation                6
   f - Summon Hydra                   Summoning                    7
 x - a book of Geomancy

   Spells                             Type                      Level
   a - Sandblast                      Earth                        1
   b - Stoneskin                      Transmutation/Earth          2
   c - Passwall                       Transmutation/Earth          3
   d - Stone Arrow                    Conjuration/Earth            3
   e - Petrify                        Transmutation/Earth          4
   f - Lee's Rapid Deconstruction     Earth                        5


   Skills:
 + Level 4.5 Dodging
 - Level 1.5 Stealth
 - Level 7.2 Spellcasting
 - Level 8.6 Conjurations
 * Level 5.9 Summonings
 - Level 8.7 Poison Magic


You had 4 spell levels left.
You knew the following spells:

 Your Spells              Type           Power        Failure   Level  Hunger
a - Sting                 Conj/Pois      ####         1%          1    N/A
b - Mephitic Cloud        Conj/Pois/Air  #####...     1%          3    N/A
c - Olgreb's Toxic Radia  Pois           #####...     1%          4    N/A
d - Venom Bolt            Conj/Pois      #####.....   8%          5    N/A
e - Summon Hydra          Summ           #####.....   100%        7    N/A


You were on level 9 of the Dungeon.
You worshipped Sif Muna.
Sif Muna was extremely pleased with you.
You were not hungry.

You visited 2 branches of the dungeon, and saw 10 of its levels.

You collected 699 gold pieces.

##............#####)......##.....
.........###..)....)....#.##.....
##.####)<..'.....##...###.##.....
.........###.....##)).#.....#####
#######.)# #.....##..)#..(..#
#.)# ####..##)..#.....#
##.######§§.§)........#
#<#.....§§§§..#......#
###.....§@##..#..#.###
#.....§§§...##.#.#
#.#†###.##..##.#.# ##########.#.#
#9##..##...# #............#
#.##..###..# #............#
#.##..###.># #............#
#.##.....#.# ##
#####........###.##.....#.# .
##............##.......# # #

Notes
Turn   | Place    | Note
--------------------------------------------------------------
     0 | D:1      | ololoev the Mummy Venom Mage began the quest for the Orb.
     0 | D:1      | Reached XP level 1. HP: 13/13 MP: 3/3
   456 | D:1      | Reached XP level 2. HP: 19/19 MP: 5/5
   661 | D:1      | Found a sparkling altar of Nemelex Xobeh.
   742 | D:1      | Reached skill level 1 in Conjurations
   967 | D:1      | Reached XP level 3. HP: 11/24 MP: 1/6
  1369 | D:2      | Noticed Jessica
  1374 | D:2      | Killed Jessica
  1384 | D:2      | Reached XP level 4. HP: 20/30 MP: 3/8
  1517 | D:2      | Learned a level 3 spell: Mephitic Cloud
  1610 | D:2      | Noticed Natasha
  1615 | D:2      | Killed Natasha
  1705 | D:2      | Noticed Robin
  2168 | D:2      | Noticed Natasha
  2178 | D:2      | Killed Natasha
  2257 | D:2      | Reached XP level 5. HP: 35/35 MP: 4/9
  2301 | D:2      | Learned a level 4 spell: Olgreb's Toxic Radiance
  2869 | D:2      | Noticed Natasha
  2874 | D:2      | Killed Natasha
  3082 | D:2      | Killed Robin
  3248 | D:3      | Reached skill level 4 in Poison Magic
  3830 | D:3      | Found a glowing golden altar of the Shining One.
  4287 | D:4      | Reached XP level 6. HP: 41/41 MP: 8/11
  6120 | D:5      | Entered Level 5 of the Dungeon
  6123 | D:5      | Noticed Blork the orc
  6142 | D:5      | Killed Blork the orc
  6142 | D:5      | Reached XP level 7. HP: 40/46 MP: 4/12
  6373 | D:5      | Found a glowing golden altar of the Shining One.
  6591 | D:4      | Reached skill level 5 in Poison Magic
  6667 | D:5      | Noticed Prince Ribbit
  6674 | D:5      | Killed Prince Ribbit
  7135 | D:6      | Reached skill level 5 in Conjurations
  7135 | D:6      | Reached XP level 8. HP: 49/52 MP: 7/14
  7138 | D:6      | Found a staircase to the Ecumenical Temple.
  7138 | D:6      | Noticed a hill giant
  7868 | D:7      | Reached skill level 6 in Poison Magic
  8147 | D:7      | Reached skill level 5 in Spellcasting
  8400 | D:6      | Killed a hill giant
  8400 | D:6      | Reached XP level 9. HP: 44/57 MP: 0/17
  8403 | Temple   | Entered the Ecumenical Temple
  8436 | Temple   | Became a worshipper of Sif Muna the Loreminder
  8652 | D:6      | Reached skill level 7 in Poison Magic
  8733 | D:6      | Noticed a hill giant
  8774 | D:6      | Killed a hill giant
  8774 | D:6      | Acquired Sif Muna's first power
  9233 | D:6      | Reached skill level 8 in Poison Magic
  9524 | D:6      | Acquired Sif Muna's second power
 10070 | D:7      | Learned a level 5 spell: Venom Bolt
 10546 | D:7      | Found a blossoming altar of Fedhas.
 10565 | D:7      | Found a white marble altar of Elyvilon.
 10584 | D:7      | Found a shattered altar of Ashenzari.
 10960 | D:7      | Found a snail-covered altar of Cheibriados.
 11034 | D:8      | Reached XP level 10. HP: 63/63 MP: 12/19
 11869 | D:8      | Noticed 4thArraOfDagon's ghost (experienced OpAs)
 12812 | D:9      | Noticed a hill giant
 12849 | D:9      | Killed a hill giant
 13105 | D:9      | Learned a level 7 spell: Summon Hydra
 13199 | D:9      | Reached skill level 1 in Summonings
 13238 | D:9      | Noticed a centaur warrior
 13250 | D:9      | Noticed an orc sorcerer
 13379 | D:9      | Killed a centaur warrior
 13384 | D:9      | Killed an orc sorcerer
 13384 | D:9      | Acquired Sif Muna's third power
 13801 | D:9      | Killed an unseen horror
 13801 | D:9      | Reached XP level 11. HP: 33/68 MP: 2/21
 14352 | D:9      | Killed an unseen horror
 14414 | D:9      | Reached skill level 5 in Summonings
 14490 | D:9      | Noticed a hill giant
 14502 | D:9      | Killed a hill giant
 14878 | D:9      | Found a shimmering altar of Xom.
 14879 | D:9      | Found a shimmering altar of Xom.
 15535 | D:9      | Killed from afar by a gargoyle

Dungeon Overview and Level Annotations

Branches:
Dungeon (9/15)             Temple (1/1) D:6
   Lair: D:8-11         Orc: D:9-12

Altars:
Ashenzari
Cheibriados
Elyvilon
Fedhas
Gozag
Kikubaaqudgha
Makhleb
Nemelex Xobeh
Qazlal
Ru
Sif Muna
Trog
Vehumet
Xom
Yredelemnul
Zin
The Shining One

Annotations:
D:8 4thArraOfDagon's ghost, experienced OpAs


Message History

You close the door.
You see here a book of Geomancy.
Memorise Stone Arrow, consuming 3 spell levels and leaving 1?
You start memorising the spell.
You continue memorising.
You continue memorising. x2
The gargoyle hurls a stone arrow at you.
Your memorisation is interrupted.
The stone arrow misses you.
x - a book of Geomancy The gargoyle hurls a stone arrow at you.
The stone arrow hits you!
The gargoyle hurls a stone arrow at you.
The stone arrow misses you.
A hobgoblin comes into view.
The hobgoblin shouts!
The hobgoblin barely misses you.
You hit the hobgoblin.
The hobgoblin is poisoned.
The hobgoblin is heavily wounded.
You hit the hobgoblin but do no damage.
The hobgoblin is heavily wounded.
The hobgoblin closely misses you. The hobgoblin hits you.
The hobgoblin misses you.
The gargoyle hurls a stone arrow at you.
The stone arrow hits you!
The gargoyle hurls a stone arrow at you.
The stone arrow misses you.
You kill the hobgoblin!
The gargoyle hurls a stone arrow at you.
The stone arrow hits you!
The gargoyle hurls a stone arrow at you.
The stone arrow hits you!
Read which item? (? for menu, Esc to quit)
As you read the scroll of teleportation, it crumbles to dust.
You feel strangely unstable.
Read which item? (? for menu, Esc to quit)
As you read the scroll of fog, it crumbles to dust.
The scroll dissolves into smoke.
The gargoyle hurls a stone arrow at you.
The stone arrow hits you!
You die...

You could see a gargoyle.

Vanquished Creatures
  A centaur warrior (D:9)
  2 unseen horrors (D:9)
  4 hill giants
  An orc sorcerer (D:9)
  A komodo dragon (D:9)
  A troll (D:9)
  Prince Ribbit (D:5)
  A deep elf mage (D:9)
  7 yaks (D:9)
  A hippogriff (D:9)
  3 water moccasins
  6 sky beasts
  6 orc warriors
  2 ice beasts (D:9)
  3 ogres
  3 centaurs
  A big kobold (D:9)
  8 giant frogs
  Blork the orc (D:5)
  A wyvern zombie (D:9)
  4 scorpions
  2 wights (D:7)
  3 killer bees (D:8)
  2 quasits
  2 giant frog zombies
  7 orc priests
  4 hounds
  A centaur skeleton (D:4)
  Jessica (D:2)
  Natasha (thrice) (D:2)
  11 worker ants
  2 iguanas
  12 orc wizards
  Robin (D:2)
  16 adders
  4 gnolls (D:6)
  4 shadow imps
  2 oozes
  2 adder zombies
  3 adder skeletons
  2 worms (D:3)
  7 giant geckos
  52 orcs
  18 bats
  6 giant cockroaches
  24 goblins
  22 hobgoblins
  23 jackals
  19 kobolds
  5 quokkas
  2 ball pythons
  A giant gecko skeleton (D:4)
  9 giant newts
  A jackal skeleton (D:9)
  A jackal zombie (D:6)
  23 rats
355 creatures vanquished.

Vanquished Creatures (others)
  An adder zombie (D:9)
  A goblin (D:1)
  A giant cockroach (D:1)
3 creatures vanquished.

Grand Total: 358 creatures vanquished

Action                   |  1- 3 |  4- 6 |  7- 9 | 10-12 || total
-------------------------+-------+-------+-------+-------++-------
Melee: Unarmed           |     5 |       |       |       ||     5
       Short sword       |     5 |       |       |       ||     5
       Dagger            |    62 |   162 |   451 |   293 ||   968
       Flail             |       |   105 |       |       ||   105
       Mace              |       |       |    26 |       ||    26
 Cast: Sting             |    35 |    92 |    63 |     3 ||   193
       Mephitic Cloud    |       |    20 |    22 |    21 ||    63
       Olgreb's Toxic Ra |       |       |    23 |    68 ||    91
Evoke: Wand              |       |       |       |    12 ||    12
  Use: Scroll            |       |       |    11 |     6 ||    17
 Stab: Sleeping          |     1 |     2 |     2 |     3 ||     8
       Confused          |       |    11 |    11 |     7 ||    29

Vault maps used:
D:1:      dpeg_arrival_renting, minivault_26, nemelex_altar_shiori
D:2:      grunt_decor_resistance, st_stairs_3, uniq_robin, uniq_jessica,
          uniq_natasha
D:3:      lemuel_crystal_altar
D:4:      first_bread, kennysheep_minor_cross, kennysheep_generic_room_11
D:5:      basic_altar, uniq_prince_ribbit1, uniq_blork_the_orc
D:6:      wad_guarded_room, minmay_temple_entry_from_below_a
D:7:      nicolae_overflow_quartered_altars
D:8:      kennysheep_little_box, hangedman_little_slice_of_home
D:9:      hangedman_cross_veins, xom_redecorated
Temple:   temple_eino_lava_12
